 Dungeon Crawl Stone Soup version 0.28.0 (webtiles) character file.

Game seed: 5818963329922712795

4 BeingJoeMalik the Skirmisher (level 1, -1/19 HPs)
             Began as a Draconian Fighter on Feb 13, 2022.
             Frozen to death by an endoplasm (5 damage)
             ... on level 1 of the Dungeon.
             The game lasted 00:00:38 (333 turns).

BeingJoeMalik the Skirmisher (Draconian Fighter)     Turns: 333, Time: 00:00:39

Health: -1/19      AC:  4    Str: 18    XL:     1   Next: 50%
Magic:  1/1        EV:  9    Int:  8    God:
Gold:   0          SH:  0    Dex: 10    Spells: 0/0 levels left

rFire   . . .      SeeInvis .   a - +0 flail
rCold   . . .      Faith    .   (no shield)
rNeg    . . .      Spirit   .   (armour unavailable)
rPois   .          Reflect  .   (helmet restricted)
rElec   .          Harm     .   (no cloak)
rCorr   .          Rampage  .   (no gloves)
Will    .....                   (no boots)
Stlth   +.........              (no amulet)
HPRegen 0.06/turn               (no ring)
MPRegen 0.07/turn               (no ring)

@: constricted
A: AC +4, unfitting armour, cold-blooded
a: no special abilities


You were on level 1 of the Dungeon.
You visited 1 branch of the dungeon, and saw 1 of its levels.

Inventory:

Hand Weapons
 a - a +0 flail (weapon)
Armour
 b - a +0 buckler
Scrolls
 d - 3 scrolls of teleportation {unknown}
Potions
 c - a potion of might


   Skills:
 - Level 3.2 Fighting
 + Level 2.1 Maces & Flails
 - Level 2.6 Dodging
 * Level 3.2 Shields


You couldn't memorise any spells.
You didn't know any spells.
Your spell library was empty.

Dungeon Overview and Level Annotations

Branches:
Dungeon (1/15)

Altars:


Innate Abilities, Weirdness & Mutations

Your plain brown scales are hard. (AC +4)
You cannot fit into any form of body armour.
You are cold-blooded and may be slowed by cold attacks.


Message History

The endoplasm quivers.
The ball python bites you. The ball python misses you.
The ball python barely misses you. The ball python completely misses you.
The bat closely misses you.
A bat comes into view.
Found 17 arrows.
The bat hits you but does no damage.
You closely miss the bat.
Your tail-slap misses the bat.
The bat is moderately wounded.
The bat hits you but does no damage. The bat misses you.
The bat barely misses you.
You hit the bat.
You kill the bat!
The bat hits you. The ball python bites you. The ball python grabs you.
The ball python constricts you.
You closely miss the ball python. The bat closely misses you.
The ball python bites you but does no damage.
The ball python constricts you. The endoplasm barely misses you.
The ball python bites you. The ball python constricts you.
The bat hits you but does no damage.
You hit the ball python. You tail-slap the ball python.
You kill the ball python!
The bat hits you but does no damage. The bat hits you. The endoplasm hits you.
The ball python barely misses you. The ball python grabs you.
The ball python constricts you.
You hit the ball python but do no damage.
Your tail-slap misses the ball python.
The bat hits you but does no damage. x2
The endoplasm freezes you.
You are frozen.
* * * LOW HITPOINT WARNING * * *
The ball python barely misses you. The ball python constricts you.
The bat misses you.
The endoplasm hits you but does no damage.
The ball python bites you but does no damage.
The ball python constricts you.
You closely miss the ball python.
Your tail-slap misses the ball python.
The bat closely misses you. The ball python closely misses you.
The ball python constricts you. The endoplasm freezes you.
You are frozen.
You die...

..(.... #........
....... #......b.
....... #..(.....
....... #........
....... #........
....... #......!.
......J##......>.
......b@S.##.#
#########..#.#
##.#.# #...###
##....# #.##.#
#########.## #
####..........#.
#................#


You could see an endoplasm, a bat and a ball python.

Vanquished Creatures
  A bat (D:1)
  A quokka (D:1)
  2 ball pythons (D:1)
4 creatures vanquished.

Notes
Turn   | Place    | Note
-------+----------+-------------------------------------------
     0 | D:1      | BeingJoeMalik the Draconian Fighter began the quest for the
                  | Orb.
     0 | D:1      | Reached XP level 1. HP: 19/19 MP: 1/1
   333 | D:1      | Frozen to death by an endoplasm

Illustrated notes

Levels and vault maps discovered:
D:1:      amcnicky_arrival_underground_garden, layout_rooms,
          basic_ecumenical_altar, minmay_ruptured

Action                   || total
-------------------------++-------
Melee: Flail             ||    27
       Tailslap          ||     2
Armor: Skin              ||    16
Dodge: Dodged            ||    33
Block: Buckler           ||     4
